AoeStats
← betatheking

Arena

505793398Analyzed
3v3 RM · 22d ago on Sep 11, 2026· 27m 40s· 6 players
Game mode
Random Map
Map size
Normal (6 player)
Population
200
Speed
Normal
Resources
Standard
Victory
Conquest
Starting age
Dark Age
Ending age
Imperial Age
RankedLock teamsTeams togetherTeam positionsShared explorationLock speedFull tech treeHidden civsTurbo modeCheats
Victory
Defeat
🇵🇪 Bohemians · Peru
928
+17
🇵🇪 Japanese · Peru
925
+17
🇵🇪 Wu · Peru
864
+20
🇨🇦 Wu · Canada
1018
-21
🇲🇽 Persians · Mexico
964
-19
🇨🇦 Byzantines · Canada
856
-14
Baku74
11:13 Feudal Age
12:53 Loom
17:18 Castle Age
15:36 Double-Bit Axe
16:09 Horse Collar
16:30 Gold Mining
18:36 Wheelbarrow
25:46 Fletching
SNES
4:15 Loom
7:54 Loom
10:10 Feudal Age
15:28 Castle Age
30:47 Imperial Age
Rene
7:40 Loom
10:48 Feudal Age
12:38 Wheelbarrow
17:12 Castle Age
18:54 Fletching
23:32 Red Cliffs Tactics
23:34 Double-Bit Axe
betatheking
2:53 Loom
13:37 Feudal Age
14:26 Horse Collar
14:35 Double-Bit Axe
14:44 Gold Mining
14:45 Stone Mining
22:11 Castle Age
22:55 Heavy Plow
23:18 Bow Saw
23:46 Stone Shaft Mining
ArteCrz
0:30 Loom
12:48 Feudal Age
13:11 Horse Collar
13:19 Double-Bit Axe
17:42 Gold Mining
21:49 Castle Age
22:45 Bow Saw
Laz Ziya
10:42 Feudal Age
15:03 Castle Age
13:32 Double-Bit Axe
13:43 Horse Collar
18:16 Fletching
19:21 Padded Archer Armor
23:08 Bodkin Arrow
25:58 Loom
Connection lost

Rejoining the realm…

Still unreachable

The connection could not be restored.

Session expired

The server has moved on; the page needs a fresh start.